 Dungeon Crawl Stone Soup version 0.18-a0-5-gf1fb587 (webtiles) character file.

133 radek the Conjurer (level 4, -7/24 HPs)
             Began as a Deep Elf Conjurer on Oct 31, 2015.
             Mangled by a gnoll
             ... wielding a +0 whip
              (9 damage)
             ... on level 2 of the Dungeon.
             The game lasted 00:06:47 (2071 turns).

radek the Conjurer (Deep Elf Conjurer)              Turns: 2071, Time: 00:06:47

Health: -7/24      AC:  2    Str:  6    XL:     4   Next: 93%
Magic:  3/10       EV: 12    Int: 20    God:
Gold:   113        SH:  5    Dex: 15    Spells: 1 memorised, 8 levels left

rFire  . . .     SeeInvis .     z - +0 short sword (drain)
rCold  . . .     Clarity  .     a - +0 robe
rNeg   + . .     SustAt   .     e - +2 buckler
rPois  .         Gourm    .     (no helmet)
rElec  .         Spirit   .     (no cloak)
rCorr  .         Warding  .     (no gloves)
rMut   .         Stasis   .     (no boots)
MR     .....                    (no amulet)
Stlth  ++........               (no ring)
                                i - ring of positive energy

@: not resistant to hostile enchantments, unstealthy
A: no striking features
a: no special abilities


You were on level 2 of the Dungeon.
You were not hungry.

You visited 1 branch of the dungeon, and saw 3 of its levels.

You collected 113 gold pieces.

Inventory:

Hand Weapons
 f - a +0 hand axe
 z - a +0 short sword of draining (weapon)
Armour
 a - a +0 robe (worn)
 e - a +2 buckler (worn)
Jewellery
 i - a ring of positive energy (left hand)
 p - a cursed -3 ring of strength {unknown}
Wands
 x - a wand of frost (32)
Scrolls
 d - 2 scrolls of immolation {unknown}
 j - a scroll of fog {unknown}
 k - 3 scrolls of noise {unknown}
 n - a scroll of random uselessness {unknown}
 o - a scroll of identify {unknown}
 s - a scroll of fear {unknown}
 t - 2 scrolls of remove curse {unknown}
 v - a scroll of teleportation {unknown}
 y - a scroll of magic mapping {unknown}
Potions
 h - a potion of brilliance {unknown}
 l - 4 potions of curing {unknown}
 r - 2 potions of heal wounds {unknown}
 u - a potion of magic {unknown}
 w - a potion of resistance {unknown}
 A - a potion of flight {unknown}
 B - a potion of ambrosia {unknown}
Books
 b - a book of Conjurations

   Spells                             Type                      Level
   a - Magic Dart                     Conjuration                  1
   b - Searing Ray                    Conjuration                  2
   c - Dazzling Spray                 Conjuration/Hexes            3
   d - Fulminant Prism                Conjuration/Hexes            4
   e - Iskenderun's Mystic Blast      Conjuration                  4
   f - Iskenderun's Battlesphere      Conjuration/Charms           5
Comestibles
 c - a bread ration
 g - a slice of pizza
 m - 3 beef jerkies
 q - 8 fruits


   Skills:
 + Level 2.1 Armour
 - Level 2.4 Dodging
 - Level 2.4 Stealth
 - Level 3.0 Spellcasting
 + Level 6.0 Conjurations


You had 8 spell levels left.
You knew the following spells:

 Your Spells              Type           Power        Failure   Level  Hunger
a - Magic Dart            Conj           ####         1%          1    None


Dungeon Overview and Level Annotations

Branches:
Dungeon (3/15)

Altars:
Fedhas


Message History

You kill the gnoll!
The gnoll hits you but does no damage.
Casting: Magic Dart
Confirm with . or Enter, or press ? or * to list all spells.
Aiming: Magic Dart
Press: ? - help, Shift-Dir - straight line, f - gnoll
Aim: a gnoll, wielding a spear The magic dart hits the gnoll.
The gnoll hits you from afar with a spear.
You hit the gnoll.
The gnoll is moderately wounded.
The gnoll barely misses you. The gnoll hits you with a whip.
The gnoll barely misses you.
The gnoll hits you from afar with a spear.
There is an escape hatch in the ceiling here.
The gnoll hits you with a whip!
* * * LOW HITPOINT WARNING * * *
A mysterious force pulls you upwards. The hatch slams shut behind you.
The gnoll hits you with a whip!
You die...

#.# #.###########
##################...........#
#............................#
#.################.########..#
#.# #.....(.....###..# #.#
#.####.####......#
#.###########.#.##.##...###.###
..............#.@.............#
..........#####g#######.###.#.#
..#.......................#.#.###
..#.#####.#####.#..###..#.#......
..#.# #.# #.........#.#.#.###
..#.#####.## #..#...#....#.#.#
..#.......)# #.............#.###
..##...###.####..#......#.#.#.#..
.......# #....#..###..#.#.#.#.#..


You could see a gnoll.

Vanquished Creatures
  The ghost of Nopony the Magician, a weakling DEWz (D:3)
  A hound skeleton (D:3)
  2 adders (D:2)
  2 gnolls (D:3)
  An ooze (D:1)
  3 worms
  3 giant geckos (D:1)
  A giant cockroach (D:3)
  2 goblins
  5 hobgoblins
  4 jackals (D:3)
  2 kobolds
  A quokka (D:2)
  5 bats
  2 giant newts
  2 rats (D:3)
37 creatures vanquished.

Notes
Turn   | Place    | Note
--------------------------------------------------------------
     0 | D:1      | radek the Deep Elf Conjurer began the quest for the Orb.
     0 | D:1      | Reached XP level 1. HP: 10/10 MP: 6/6
   237 | D:1      | Reached XP level 2. HP: 15/15 MP: 5/8
   410 | D:1      | Reached skill level 5 in Conjurations
  1016 | D:2      | Reached XP level 3. HP: 19/19 MP: 7/9
  1068 | D:2      | Reached skill level 1 in Armour
  1855 | D:3      | Noticed Nopony's ghost (weakling DEWz)
  1860 | D:3      | Killed Nopony's ghost
  1860 | D:3      | Reached XP level 4. HP: 24/24 MP: 3/10
  1951 | D:3      | Found a blossoming altar of Fedhas.
  2042 | D:3      | Reached skill level 6 in Conjurations
  2071 | D:2      | Mangled by a gnoll

Vault maps used:
D:1:      lemuel_arrival_cross
D:3:      fedhas_altar_1

Action                   |  1- 3 |  4- 6 || total
-------------------------+-------+-------++-------
Melee: Unarmed           |    17 |       ||    17
       Hand axe          |     3 |       ||     3
       Short sword       |     3 |     3 ||     6
 Cast: Magic Dart        |    78 |    23 ||   101
  Eat: Chunk             |     3 |       ||     3
